 Dungeon Crawl Stone Soup version 0.32-a0-711-g016ad743e0 (webtiles) character file.

Game seed: 6860600016673946812

50 Griffin23 the Covered (level 3, -4/33 HPs)
             Began as a Minotaur Fighter on Mar 15, 2024.
             Slain by an iguana (9 damage)
             ... on level 4 of the Dungeon.
             The game lasted 00:01:11 (1611 turns).

Griffin23 the Covered (Minotaur Fighter)            Turns: 1611, Time: 00:01:11

Health: -4/33      AC:  7    Str: 22    XL:     3   Next: 55%
Magic:  2/2        EV:  8    Int:  5    God:
Gold:   106        SH:  4    Dex:  9    Spells: 2/2 levels left

rFire   . . .        a - +0 long sword
rCold   . . .        c - +0 buckler
rNeg    . . .        b - +0 scale mail
rPois   .            (helmet restricted)
rElec   .            (no cloak)
rCorr   .            (no gloves)
SInv    .            (no boots)
Will    .....        (no amulet) Stlth
                     (no ring)
HPRegen 0.25/turn    (no ring)
MPRegen 0.08/turn

%: no passive effects
@: no status effects
A: horns 2, retaliatory headbutt
a: no special abilities


You were on level 4 of the Dungeon.
You visited 1 branch of the dungeon, and saw 4 of its levels.

You collected 106 gold pieces.

Inventory:

Hand Weapons
 a - a +0 long sword (weapon)
Armour
 b - a +0 scale mail (worn)
 c - a +0 buckler (worn)
Scrolls
 e - 2 scrolls of teleportation {unknown}
 f - a scroll of noise {unknown}
 j - a scroll of identify {unknown}
 k - 2 scrolls of vulnerability {unknown}
 m - a scroll of revelation {unknown}
 p - a scroll of fog {unknown}
 q - a scroll of poison {unknown}
Potions
 d - a potion of might
 g - 2 potions of ambrosia {unknown}
 h - a potion of cancellation {unknown}
 i - a potion of enlightenment {unknown}
 l - a potion of heal wounds {unknown}
 n - a potion of curing {unknown}
 o - a potion of lignification {unknown}
 r - a potion of invisibility {unknown}


   Skills:
 + Level 4.2 Fighting
 * Level 3.2 Long Blades
 + Level 4.2 Armour
 + Level 4.1 Shields


You had 2 spell levels left.
You didn't know any spells.
Your spell library contained the following spells:

 Spells                   Type           Power      Damage    Failure   Level
 Summon Small Mammal      Summ           0%         N/A       86%         1
 Call Canine Familiar     Summ           0%         N/A       99%         3
 Summon Blazeheart Golem  Fire/Summ      0%         N/A       100%        4


Dungeon Overview and Level Annotations

Branches:
Dungeon (3/15)

Altars:
Uskayaw


Innate Abilities, Weirdness & Mutations

You have a pair of horns on your head.
You reflexively headbutt those who attack you in melee.


Message History

The phantom hits you.
The phantom blinks!
You blink.
You barely miss the phantom. Your headbutt misses the phantom.
The phantom is moderately damaged.
The quokka bites you. The phantom hits you.
The phantom blinks!
You blink.
An iguana comes into view.
You slash the phantom!
The phantom is heavily damaged.
The iguana hisses angrily.
The phantom hits you.
The phantom blinks!
You blink.
You barely miss the phantom.
The phantom is heavily damaged.
The phantom barely misses you.
You barely miss the phantom. Your headbutt misses the phantom.
The phantom is heavily damaged.
The quokka bites you but does no damage.
The iguana bites you!
The phantom hits you but does no damage.
You block the quokka's attack. The iguana bites you.
The phantom hits you but does no damage.
You are too injured to fight recklessly!
You are too injured to fight recklessly!
You are too injured to fight recklessly!
You are too injured to fight recklessly!
You are too injured to fight recklessly!
You hit the iguana but do no damage. Your headbutt misses the iguana.
The quokka bites you but does no damage.
You block the phantom's attack. The iguana bites you.
You hit the iguana.
The iguana is moderately wounded.
You block the quokka's attack. The phantom completely misses you.
The iguana bites you.
* * * LOW HITPOINT WARNING * * *
The quokka twitches its whiskers.
The quokka bites you.
* * * LOW HITPOINT WARNING * * *
You hit the iguana but do no damage.
The iguana is moderately wounded.
The quokka bites you but does no damage.
The iguana bites you!
You die...

#.......###..#
#.......#...##
#.......#.###
####.####.#
#######.###.>#
#....##.##..##
#....##.##.##
#.W..##.#..#
#..@r##.#.##
#..l......#
#......##....#
#..#....##..#.#
#.########.##..#
#.. ..# #... ..
...# ##.# ..
.##.# ... #.# #.


You could see a phantom, an iguana and a quokka.

Vanquished Creatures
  An adder (D:4)
  2 dart slugs
  A ribbon worm (D:2)
  4 endoplasms
  2 giant cockroaches
  3 goblins
  3 hobgoblins
  4 jackals
  2 quokkas
  5 ball pythons
  2 bats
  2 frilled lizards (D:1)
  3 rats
34 creatures vanquished.

Notes
Turn   | Place    | Note
-------+----------+-------------------------------------------
     0 | D:1      | Griffin23 the Minotaur Fighter began the quest for the Orb.
     0 | D:1      | Reached XP level 1. HP: 19/19 MP: 0/0
     1 | D:1      | Noticed an electric eel
   231 | D:1      | Reached XP level 2. HP: 27/27 MP: 1/1
  1118 | D:2      | Reached XP level 3. HP: 28/33 MP: 2/2
  1204 | D:2      | Found a hide-covered altar of Uskayaw.
  1532 | D:3      | Identified the +5 quarterstaff "Qadd" {freeze, rPois rC+++
                  | Str-2 Int+3}
  1558 | D:3      | You fall into a shaft and drop 1 floor!
  1595 | D:4      | Noticed a phantom
  1611 | D:4      | Slain by an iguana

Illustrated notes

Levels and vault maps discovered:
D:1:      arrival_aquarium_a, layout_basic, serial_bayou_lake_a
D:2:      layout_basic, basic_altar
D:3:      layout_basic, serial_shops, nicolae_book_shop_shelving
D:4:      layout_rooms, uniq_menkaure

Skill      XL: |  1  2 |
---------------+-------+-----
Fighting       | 4 |  4.2
Armour         | 4 |  4.2
Shields        | 4 |  4.1
Long Blades    | 3 |  3.2

Action                     || total
---------------------------++-------
  Melee: Long sword        ||   116
         Headbutt          ||     5
 Armour: Scale mail        ||   112
  Dodge: Dodged            ||    51
  Block: Buckler           ||    24

Table legend: (Time is in decaauts)
 A = Elapsed time spent in this place.
 B = Non-inter-level travel time spent in this place.
 C = Inter-level travel time spent in this place.
 D = Time resting spent in this place.
 E = Time spent auto-exploring this place.
 F = Levels seen in this place.
 G = Mean time per level.
                   A        B        C        D        E       F      G
               +--------+--------+--------+--------+--------+-----+--------+
         Total |   1669 |   1635 |     34 |      0 |   1349 |   4 |  417.2 |
       Dungeon |   1669 |   1635 |     34 |      0 |   1349 |   4 |  417.2 |
               +--------+--------+--------+--------+--------+-----+--------+

Top non-repeatable levels by time:
     D:2: 854 daAuts
     D:1: 647 daAuts
     D:3: 110 daAuts
     D:4: 57 daAuts
